 Dungeon Crawl Stone Soup version 0.25.1-2-g60ff931df9 (webtiles) character file.

Game seed: 13305164835955515351

442 Allula97 the Slasher (level 6, -18/49 HPs)
             Began as a Demonspawn Gladiator on Nov 14, 2020.
             Demolished by an ogre
             ... wielding a +0 giant spiked club
              (22 damage)
             ... on level 4 of the Dungeon.
             The game lasted 00:12:00 (2558 turns).

Allula97 the Slasher (Demonspawn Gladiator)         Turns: 2558, Time: 00:12:00

Health: -18/49     AC:  8    Str: 16    XL:     6   Next: 71%
Magic:  0/17       EV: 12    Int:  9    God:
Gold:   308        SH:  0    Dex: 15    Spells: 8/8 levels left

rFire    . . .     SeeInvis .   a - +0 long sword
rCold    + . .     Gourm    .   (no shield)
rNeg     . . .     Faith    .   e - +0 ring mail
rPois    .         Spirit   +   c - +0 helmet
rElec    .         Reflect  .   (no cloak)
rCorr    .         Harm     .   (no gloves)
MR       .....                  (no boots)
Stlth    +.........             h - amulet of guardian spirit
HPRegen  0.16/turn              i - ring of magical power
MPRegen  0.15/turn              t - ring of protection from cold

@: no status effects
A: rugged brown scales 2, spiny 1
a: no special abilities


You were on level 4 of the Dungeon.
You were not hungry.

You visited 1 branch of the dungeon, and saw 4 of its levels.

You collected 308 gold pieces.

Inventory:

Hand Weapons
 a - a +0 long sword (weapon)
Missiles
 d - 2 throwing nets
 l - 21 poisoned darts
 q - 2 boomerangs of dispersal
 s - 4 curare-tipped darts (quivered)
Armour
 b - a +0 leather armour
 c - a +0 helmet (worn)
 e - a +0 ring mail (worn)
Jewellery
 h - an amulet of guardian spirit (around neck)
 i - a ring of magical power (left hand)
 t - a ring of protection from cold (right hand)
Scrolls
 j - 5 scrolls of identify {unknown}
 k - 3 scrolls of magic mapping {unknown}
 m - a scroll of teleportation {unknown}
 n - 2 scrolls of amnesia {unknown}
 o - a scroll of remove curse {unknown}
 p - 4 scrolls of fear {unknown}
 r - a scroll of fog {unknown}
Comestibles
 f - 5 rations
 g - 5 chunks of flesh


   Skills:
 * Level 3.6 Fighting
 * Level 4.0 Long Blades
 - Level 1.7 Throwing
 * Level 2.4 Armour
 * Level 3.6 Dodging
 + Level 2.4 Stealth
 + Level 1.6 Spellcasting


You had 8 spell levels left.
You didn't know any spells.
Your spell library was empty.

Dungeon Overview and Level Annotations

Branches:
Dungeon (4/15)
 Temple: D:4-7

Altars:
Gozag
Okawaru
Trog


Innate Abilities, Weirdness & Mutations

You are mostly covered in rugged brown scales. (AC +2, +5% HP)
You are partially covered in sharp spines.


Message History

The ogre hits you with a +0 giant spiked club!
You hit the ogre.
The ogre is heavily wounded.
The ogre hits you with a +0 giant spiked club!!
* * * LOW HITPOINT WARNING * * *
You aren't carrying any potions.
Okay, then.
Okay, then.
Throwing (i - inventory. (/) - cycle)
s - 6 curare-tipped darts (quivered)
Press: ? - help, Shift-Dir - straight line, f - ogre
Aim: an ogre, wielding a +0 giant spiked club (heavily wounded)
You throw a curare-tipped dart.
The curare-tipped dart barely misses the ogre.
Throwing (i - inventory. (/) - cycle)
s - 5 curare-tipped darts (quivered)
Press: ? - help, Shift-Dir - straight line, f/p - ogre
Aim: an ogre, wielding a +0 giant spiked club (heavily wounded)
You throw a curare-tipped dart.
The curare-tipped dart barely misses the ogre.
The ogre hits you with a +0 giant spiked club!!
You die...

##....(...........#
##.##..............#
#####.................#####
#.......................... ###
#..#....##................. ..#
#..##....###.#........##... ..#
#..........................
.######...........>###..#####..#.
....##........##@..# ##.###...##.
...............O..#####.#..#.....
..#...............##.............
.###..........##.###.........#...
..#............#..........####...
.####.............#........###...
.######..........##..............
#..##.##.........##.......###....
............####.###.......####..


You could see an ogre.

Vanquished Creatures
  The ghost of amb the Skirmisher, a weakling MiBe of Trog (D:3)
  A bullfrog zombie (D:2)
  2 bullfrog skeletons (D:4)
  An iguana (D:4)
  An orc priest (D:3)
  Terence (D:2)
  3 worker ants
  A hound skeleton (D:3)
  3 adders
  2 worms (D:4)
  4 dart slugs
  4 leopard geckos
  6 orcs (D:4)
  9 bats
  6 giant cockroaches
  5 goblins
  8 hobgoblins
  8 jackals
  3 quokkas
  3 ball pythons
  6 frilled lizards
  8 kobolds
  5 rats
  A plant (D:1)
92 creatures vanquished.

Notes
Turn   | Place    | Note
-------+----------+-------------------------------------------
     0 | D:1      | Allula97 the Demonspawn Gladiator began the quest for the
                  | Orb.
     0 | D:1      | Reached XP level 1. HP: 16/16 MP: 1/1
   129 | D:1      | Gained mutation: You are partially covered in rugged brown
                  | scales. (AC +1, +3% HP) [demonic ancestry]
   129 | D:1      | Reached XP level 2. HP: 15/22 MP: 2/2
   689 | D:2      | Reached skill level 1 in Stealth
   689 | D:2      | Reached XP level 3. HP: 23/27 MP: 1/3
   695 | D:2      | Noticed Terence
   705 | D:2      | Killed Terence
   705 | D:2      | Reached skill level 3 in Long Blades
   705 | D:2      | Reached skill level 1 in Armour
   822 | D:2      | Gained mutation: You are partially covered in sharp spines.
                  | [demonic ancestry]
   822 | D:2      | Reached XP level 4. HP: 32/35 MP: 3/5
   887 | D:2      | Reached skill level 1 in Spellcasting
  1376 | D:2      | Reached XP level 5. HP: 40/40 MP: 6/6
  1735 | D:3      | Found a runed translucent gate.
  1735 | D:3      | Found a runed translucent gate.
  1735 | D:3      | Found an opulent altar of Gozag.
  1735 | D:3      | Found a runed translucent gate.
  1737 | D:3      | Noticed amb's ghost (weakling MiBe)
  2092 | D:3      | Killed amb's ghost
  2092 | D:3      | Gained mutation: You are mostly covered in rugged brown
                  | scales. (AC +2, +5% HP) [demonic ancestry]
  2092 | D:3      | Reached XP level 6. HP: 27/49 MP: 7/7
  2487 | D:4      | Found an iron altar of Okawaru.
  2488 | D:4      | Found a bloodstained altar of Trog.
  2516 | D:4      | Reached skill level 4 in Long Blades
  2540 | D:4      | HP: 1/49 [ogre/+0 giant spiked club (23)]
  2558 | D:4      | Demolished by an ogre

Illustrated notes

Levels and vault maps discovered:
D:1:      scummos_arrival_forest, layout_rooms, serial_forest,
          infiniplex_forest_clump_long, infiniplex_forest_diagonal,
          infiniplex_forest_lined_2, infiniplex_forest_lined_2,
          minmay_misc_feat_tower, hangedman_abyss_or_decor_lesser_grid,
          st_stairs_11, minmay_split_cup_large
D:2:      layout_loops_ring, uniq_terence
D:3:      layout_rooms, ebering_ghost_gozag, minmay_strange_pillars
D:4:      layout_cave_pools, grunt_temple_overflow_bloody_war, first_ration,
          st_stairs_12

Skill      XL: |  1  2  3  4  5  6 |
---------------+-------------------+-----
Stealth        | 1 2 |  2.4
Long Blades    | 3 4 |  4.0
Armour         | 1 2 |  2.4
Dodging        | 3 |  3.6
Spellcasting   | 1 |  1.6
Fighting       | 3 |  3.6
Throwing       | |  1.7

Action                   |  1- 3 |  4- 6 || total
-------------------------+-------+-------++-------
Melee: Long sword        |   135 |   135 ||   270
Throw: Dart              |     5 |     7 ||    12
       Throwing net      |     1 |       ||     1
  Use: Potion            |       |     4 ||     4
 Stab: Sleeping          |       |     3 ||     3
       Invisible         |       |     4 ||     4
  Eat: Chunk             |       |     6 ||     6
Armor: Leather armour    |     6 |       ||     6
       Ring mail         |    30 |    44 ||    74
       Skin              |       |     1 ||     1
Dodge: Dodged            |    53 |    97 ||   150
       Rpst.: Long sword |    18 |    28 ||    46
